 Dungeon Crawl Stone Soup version 0.29.1-1-gd02db6906a (webtiles) character file.

Game seed: 1081159317060145744

18 lonewolfV2 the Trooper (level 2, 0/33 HPs)
             Began as an Ogre Berserker on Oct 15, 2022.
             Was a Follower of Trog.
             Slain by a gnoll
             ... wielding a +0 spear
              (7 damage)
             ... on level 2 of the Dungeon.
             The game lasted 00:01:14 (4931 turns).

lonewolfV2 the Trooper (Ogre Berserker)             Turns: 4931, Time: 00:01:15

Health: 0/33       AC:  3    Str: 20    XL:     2   Next: 70%
Magic:  2/2        EV: 10    Int:  8    God:    Trog [*.....]
Gold:   57         SH:  0    Dex:  8    Spells: 1/1 levels left

rFire   . . .      SeeInvis .   a - +0 hand axe
rCold   . . .      Faith    .   (no shield)
rNeg    . . .      Spirit   .   b - +0 animal skin
rPois   .          Reflect  .   (helmet restricted)
rElec   .          Harm     .   (no cloak)
rCorr   .          Rampage  .   (gloves unavailable)
Will    .....                   (boots unavailable)
Stlth   +.........              (no amulet)
HPRegen 0.11/turn               (no ring)
MPRegen 0.08/turn               (no ring)

@: no status effects
A: large, unfitting armour, tough skin 1
a: Renounce Religion, Berserk


You were on level 2 of the Dungeon.
You worshipped Trog.
Trog was aware of your devotion.
You visited 1 branch of the dungeon, and saw 2 of its levels.

You collected 57 gold pieces.

Inventory:

Hand Weapons
 a - a +0 hand axe (weapon)
Armour
 b - a +0 animal skin (worn)
Potions
 d - a potion of degeneration
 h - a potion of heal wounds


   Skills:
 + Level 4.4 Fighting
 + Level 3.3 Axes
 + Level 3.0 Dodging


You had one spell level left.
You didn't know any spells.
Your spell library was empty.

Dungeon Overview and Level Annotations

Branches:
Dungeon (2/15)

Altars:
Uskayaw

Shops:
D:1 [


Innate Abilities, Weirdness & Mutations

You are too large for most types of armour.
You have tough skin. (AC +1)


Message History

Done waiting.
You start waiting.
Done waiting.
You start waiting.
Done waiting.
You start waiting.
Done waiting.
You start waiting.
Done waiting.
You start waiting.
Done waiting.
You start waiting.
Done waiting.
You start waiting.
Done waiting.
You start waiting.
Done waiting.
You start waiting.
Done waiting.
You slide downwards.
The hatch slams shut behind you.
The gnoll shouts! x2; You hear a shout!
Found five items.
Found an escape hatch in the ceiling.
The gnoll throws a throwing net.
The throwing net misses you.
A kobold comes into view. It is wielding a +0 short sword.
The bat closely misses you. x2
The bat hits you but does no damage.
There is an escape hatch in the ceiling here.
You closely miss the bat. The bat hits you but does no damage.
The gnoll hits you from afar with a +0 spear.
The bat completely misses you. The bat hits you but does no damage.
The gnoll hits you from afar with a +0 spear!
The bat closely misses you.
The gnoll hits you from afar with a +0 spear.
The gnoll hits you with a +0 whip.
* * * LOW HITPOINT WARNING * * *
You hit the bat.
The bat is severely wounded.
You closely miss the gnoll. The bat hits you but does no damage.
The gnoll hits you from afar with a +0 spear!
You die...

#..............#
#..............#
#............?.#
#...........^..#
#.$............#
#......K.......#
#...:.bgg......#
#......g.......#
#..[..@.<......#
#........(.[...#
################


You could see 3 gnolls, a bat and a kobold.

Vanquished Creatures
  A dart slug (D:1)
  A bat (D:1)
  2 endoplasms (D:1)
  A hobgoblin (D:1)
  3 jackals (D:1)
  A ball python (D:1)
  3 goblins (D:1)
  A kobold (D:1)
  2 rats (D:1)
15 creatures vanquished.

Notes
Turn   | Place    | Note
-------+----------+-------------------------------------------
     0 | D:1      | lonewolfV2 the Ogre Berserker began the quest for the Orb.
     0 | D:1      | Reached XP level 1. HP: 24/24 MP: 1/1
   291 | D:1      | Reached XP level 2. HP: 23/32 MP: 2/2
   529 | D:1      | Found Teud's Antique Armour Shop.
   687 | D:1      | Found a hide-covered altar of Uskayaw.
  4931 | D:2      | Slain by a gnoll

Illustrated notes

Levels and vault maps discovered:
D:1:      dpeg_arrival_lava_altar, layout_basic, serial_shops, shop,
          dreamdust_ecumenical_altar_sealed_demon
D:2:      layout_basic

Skill      XL: |  1  2 |
---------------+-------+-----
Dodging        | 3 |  3.0
Fighting       | |  4.4
Axes           | |  3.3

Action                   || total
-------------------------++-------
Melee: Hand axe          ||    36
       Punch             ||     1
  Use: Scroll            ||     5
Armor: Animal skin       ||    23
Dodge: Dodged            ||    32
